 Dungeon Crawl Stone Soup version bcrawl-1.19.2-6-g6a88ae04c9 (webtiles) character file.

Game seed: 17602299769252968768

3324 Mrkan the Cleaver (level 9, -1/80 HPs)
             Began as a Minotaur Fighter on Dec 29, 2019.
             Was a Believer of Yredelemnul.
             Killed from afar by Erica (24 damage)
             ... with an orb of energy
             ... on level 8 of the Dungeon.
             The game lasted 00:07:36 (6911 turns).

Mrkan the Cleaver (Minotaur Fighter)                Turns: 6911, Time: 00:07:37

Health: -1/80      AC: 17    Str: 20    XL:     9   Next: 71%
Magic:  11/11      EV:  5    Int:  5    God:    Yredelemnul [**....]
Gold:   640        SH: 13    Dex: 14    Spells: 8/8 levels left

rFire    . . .     SeeInvis .   a - +0 war axe
rCold    . . .     Gourm    .   A - +2 shield
rNeg     . . .     Faith    .   E - +0 plate armour
rPois    .         Spirit   .   (helmet restricted)
rElec    .         Reflect  .   c - +0 cloak
rCorr    .         Harm     .   (no gloves)
MR       .....                  g - +1 pair of boots {Stlth++}
Stlth    ..........             (no amulet)
HPRegen  0.23/turn              (no ring)
MPRegen  0.12/turn              (no ring)

@: lethally poisoned (-1 -> -8), slowed, very slow
A: retaliatory headbutt, horns 2
a: Animate Remains, Recall Undead Slaves, Injury Mirror, Renounce Religion


You were on level 8 of the Dungeon.
You worshipped Yredelemnul.
Yredelemnul was pleased with you.
You were not hungry.

You visited 1 branch of the dungeon, and saw 8 of its levels.

You collected 640 gold pieces.

Inventory:

Hand Weapons
 a - a +0 war axe (weapon)
Missiles
 G - a throwing net (quivered) {!f}
Armour
 c - a +0 cloak (worn)
 g - a +1 pair of boots of stealth (worn)
 A - a +2 shield (worn)
 E - a +0 plate armour (worn)
Jewellery
 m - an uncursed ring of protection from magic {unknown}
 u - an uncursed ring of protection from magic {unknown}
 w - a +5 ring of evasion {unknown}
Wands
 l - a wand of digging (9)
 t - a wand of iceblast (13)
 y - a wand of clouds (5)
Scrolls
 b - 4 scrolls of remove curse {unknown}
 h - 4 scrolls of fog {unknown}
 i - a scroll of amnesia {unknown}
 j - 8 scrolls of identify {unknown}
 k - 4 scrolls of immolation {unknown}
 o - a scroll of noise {unknown}
 s - 3 scrolls of enchant armour {unknown}
 v - a scroll of blinking {unknown}
 x - 4 scrolls of teleportation {unknown}
 B - a scroll of enchant weapon {unknown}
 D - a scroll of magic mapping {unknown}
Potions
 d - 2 potions of might
 e - 2 potions of haste {unknown}
 n - 4 potions of heal wounds {unknown}
 p - 2 potions of brilliance {unknown}
 q - 2 potions of berserk rage {unknown}
 r - 6 potions of curing {unknown}
 z - 3 potions of degeneration {unknown}
 H - a potion of mutation {unknown}
Comestibles
 f - 16 rations {!d}


   Skills:
 + Level 7.7 Fighting
 * Level 10.0 Axes
 + Level 7.7 Armour
 + Level 7.8 Shields
 + Level 5.0 Invocations


You had 8 spell levels left.
You didn't know any spells.
Your spell library contained the following spells:

 Spells                   Type           Power        Failure   Level  Hunger
 Beastly Appendage        Tmut           #.....       100%        1    ##.....
 Magic Dart               Conj           #...         100%        1    ##.....
 Searing Ray              Conj           #.......     100%        2    ###....
 Sticks to Snakes         Tmut           #.......     100%        2    ###....
 Confuse                  Hex            #.......     100%        3    ####...
 Dazzling Spray           Conj/Hex       #.....       100%        3    ####...
 Iskenderun's Mystic Bla  Conj           #.......     100%        3    ####...
 Spider Form              Tmut/Pois      #..          100%        3    ####...
 Fulminant Prism          Conj/Hex       #.........   100%        4    #####..
 Ice Form                 Ice/Tmut       #.......     100%        4    #####..
 Petrify                  Tmut/Erth      #.......     100%        4    #####..
 Yara's Violent Unravell  Hex/Tmut       #.........   100%        4    #####..
 Blade Hands              Tmut           #.........   100%        5    ######.
 Irradiate                Conj/Tmut      #.........   100%        5    ######.
 Metabolic Englaciation   Hex/Ice        #.........   100%        5    ######.
 Mana Rupture             Conj/Hex       #.........   100%        7    #######


Dungeon Overview and Level Annotations

Branches:
Dungeon (8/12)             Temple (0/1) D:5             Orc (0/1) D:8
   Lair: D:7-9

Altars:
Qazlal
Yredelemnul

Shops:
D:5 *   D:6 %

Annotations:
D:8 Erica


Innate Abilities, Weirdness & Mutations

You reflexively headbutt those who attack you in melee.
You have a pair of horns on your head.


Message History

Erica mumbles some strange words.
Erica flickers and vanishes!
Deactivating autopickup; reactivate with Ctrl-A.
You slash something!
You feel sick.
You hear some strange, mumbled words.
You feel as though you will be slow longer.
You hit something but do no damage. Your headbutt misses something.
You feel sick. Something hits you. Something burns you.
Something hits you but does no damage.
You miss something. You headbutt something.
You feel sick. Something hits you but does no damage.
You barely miss something.
You feel sick.
You hear some strange, mumbled words.
Something tries to affect you, but you resist.
You slash something!
You feel sick. Something hits you but does no damage.
You hear some strange, mumbled words.
An orb of energy appears from out of thin air!
The orb of energy hits you!
You die...
Your body rises from the dead as a mindless zombie.

##.....###.........
#...........#####..
##.....####.# . ###
#....## #.#
#...##.#.## #.#
#......#.# #.#
#...##.#.# #.. ##.
#.#.# ## # #@#.#
#{...# #........
.......## .........
........#.
##.....## ##...##


There were no monsters in sight!

Vanquished Creatures
  A hippogriff (D:5)
  4 yaks (D:8)
  A warg (D:8)
  A soldier ant (D:5)
  A water moccasin (D:5)
  2 ice beasts
  A sky beast (D:4)
  2 ogres
  A bullfrog (D:6)
  A big kobold (D:5)
  A scorpion (D:6)
  A water moccasin skeleton (D:6)
  A howler monkey (D:6)
  A crimson imp (D:4)
  2 hounds
  2 bullfrog skeletons
  A centaur skeleton (D:6)
  A jelly (D:5)
  Crazy Yiuf (D:4)
  4 orc priests
  5 orc wizards
  Jessica (D:2)
  2 iguanas (D:4)
  3 worker ants
  2 hound skeletons (D:4)
  A worker ant zombie (D:5)
  3 gnolls (D:4)
  5 adders
  An ooze (D:2)
  3 adder skeletons
  2 adder zombies
  3 worms (D:3)
  6 dart slugs
  4 leopard geckos
  11 orcs
  3 giant cockroaches
  7 goblins
  7 hobgoblins
  2 jackals (D:4)
  12 kobolds
  4 quokkas
  4 bats
  4 frilled lizards
  A quokka zombie (D:5)
  4 rats
130 creatures vanquished.

Vanquished Creatures (collateral kills)
  Joseph (D:8)
  A yak (D:8)
  2 wargs (D:8)
  An ice beast (D:6)
  An ogre (D:7)
  A hound (D:6)
  A jelly (D:6)
  An orc wizard (D:7)
  A dart slug (D:6)
  2 orcs (D:7)
12 creatures vanquished.

Vanquished Creatures (others)
  2 wraiths (D:8)
2 creatures vanquished.

Grand Total: 144 creatures vanquished

Notes
Turn   | Place    | Note
-------+----------+-------------------------------------------
     0 | D:1      | Mrkan the Minotaur Fighter began the quest for the Orb.
     0 | D:1      | Reached XP level 1. HP: 19/19 MP: 0/0
   335 | D:1      | Reached XP level 2. HP: 27/27 MP: 1/1
   507 | D:1      | Reached skill level 3 in Axes
   972 | D:2      | Reached XP level 3. HP: 31/33 MP: 2/2
  1104 | D:2      | Found a basalt altar of Yredelemnul.
  1104 | D:2      | Noticed Jessica
  1109 | D:2      | Killed Jessica
  1109 | D:2      | Reached XP level 4. HP: 40/40 MP: 3/3
  1112 | D:2      | Became a worshipper of Yredelemnul the Dark
  1145 | D:2      | Found a stormy altar of Qazlal.
  1267 | D:2      | Reached skill level 4 in Axes
  1938 | D:3      | Reached XP level 5. HP: 33/47 MP: 4/4
  2218 | D:3      | Reached * piety under Yredelemnul
  2256 | D:3      | Reached skill level 1 in Invocations
  2540 | D:4      | Noticed a sky beast
  2547 | D:4      | Killed a sky beast
  2547 | D:4      | Reached skill level 5 in Axes
  2547 | D:4      | Reached XP level 6. HP: 55/55 MP: 4/6
  2679 | D:4      | Reached skill level 5 in Shields
  2800 | D:4      | Reached skill level 5 in Fighting
  2800 | D:4      | Reached skill level 5 in Armour
  3042 | D:4      | Reached XP level 7. HP: 61/61 MP: 7/7
  3200 | D:4      | Reached skill level 6 in Axes
  3332 | D:4      | Found a runed door.
  3633 | D:4      | Noticed Crazy Yiuf
  3638 | D:4      | Killed Crazy Yiuf
  3734 | D:5      | Entered Level 5 of the Dungeon
  3734 | D:5      | Found Honaocexzie's Assorted Antiques.
  3751 | D:5      | Noticed a hippogriff
  3764 | D:5      | Killed a hippogriff
  3903 | D:5      | Reached XP level 8. HP: 53/70 MP: 9/9
  4007 | D:5      | Reached skill level 7 in Axes
  4320 | D:5      | Found a staircase to the Ecumenical Temple.
  4427 | D:5      | Reached ** piety under Yredelemnul
  5054 | D:6      | Reached skill level 8 in Axes
  5690 | D:6      | Found Yhekas's Food Shoppe.
  6023 | D:7      | Reached XP level 9. HP: 55/78 MP: 11/11
  6260 | D:7      | Got a dazzling leather armour
  6561 | D:8      | Noticed Joseph
  6572 | D:8      | Killed Joseph
  6572 | D:8      | Reached skill level 9 in Axes
  6596 | D:8      | Reached skill level 5 in Invocations
  6605 | D:8      | Reached skill level 10 in Axes
  6606 | D:8      | Found a staircase to the Orcish Mines.
  6896 | D:8      | Noticed Erica
  6911 | D:8      | Killed from afar by Erica

Skill      XL: |  1  2  3  4  5  6  7  8  9 |
---------------+----------------------------+-----
Axes           | 3 4 5 6 8 10 | 10.0
Fighting       | 4 5 6 7 |  7.7
Armour         | 4 5 6 7 |  7.7
Shields        | 4 5 6 7 |  7.8
Invocations    | 1 2 4 5 |  5.0

Action                   |  1- 3 |  4- 6 |  7- 9 || total
-------------------------+-------+-------+-------++-------
Melee: War axe           |    51 |   145 |   228 ||   424
       Headbutt          |     1 |    26 |    49 ||    76
 Stab: Sleeping          |     3 |     4 |       ||     7
       Distracted        |       |       |     2 ||     2
  Eat: Chunk             |     1 |     6 |     9 ||    16
       Ration            |       |       |     1 ||     1
Armor: Scale mail        |    23 |    30 |       ||    53
       Chain mail        |       |    33 |   109 ||   142
       Plate armour      |       |       |    28 ||    28
Dodge: Dodged            |    12 |    38 |    36 ||    86
Block: Shield            |    24 |    65 |   155 ||   244
